 Dungeon Crawl Stone Soup version 0.16.0-17-g811c1d7 (webtiles) character file.

537 timbw the Caller (level 7, -3/41 HPs)
             Began as an Octopode Summoner on Mar 22, 2015.
             Killed by divine providence
             ... invoked by an orc priest
              (16 damage)
             ... on level 7 of the Dungeon.
             The game lasted 00:13:55 (3124 turns).

timbw the Caller (Octopode Summoner)                Turns: 3124, Time: 00:13:55

Health: -3/41      AC:  1    Str:  8    XL:     7   Next: 25%
Magic:  4/18       EV: 12    Int: 19    God:
Gold:   282        SH:  0    Dex: 12    Spells: 4 memorised, 6 levels left

rFire  . . .     SeeInvis +     o - +2 whip (elec)
rCold  . . .     Clarity  .     (no shield)
rNeg   . . .     SustAb   .     (helmet restricted)
rPois  .         Gourm    .     (no amulet)
rElec  .         Spirit   .     p - ring of see invisible
rCorr  .         Warding  .     (no ring)
rMut   .         Stasis   .     (no ring)
MR     .....                    (no ring)
Stlth  +++.......               (no ring)
                                (no ring)
                                (no ring)
                                (no ring)

@: very slightly contaminated, not resistant to hostile enchantments, fairly
stealthy
A: almost no armour, amphibious, 8 rings, constrict 8, camouflage 1, gelatinous
body 1
a: no special abilities


You were on level 7 of the Dungeon.
You were very hungry.

You visited 1 branch of the dungeon, and saw 7 of its levels.

You collected 282 gold pieces.

Inventory:

Hand weapons
 l - a +0 whip
 m - a +0 blowgun
 o - a +2 whip of electrocution (weapon)
Missiles
 n - 6 poisoned needles
Jewellery
 p - a ring of see invisible (left tentacle)
Scrolls
 a - a scroll of noise
 g - 3 scrolls of blinking
 h - 2 scrolls of fog
 q - a scroll of recharging
 r - a scroll of enchant weapon {unknown}
 v - 2 scrolls of remove curse
Potions
 e - 2 potions of flight {unknown}
 s - 2 potions of brilliance
 t - a potion of resistance {unknown}
Books
 b - a book of Callings

   Spells                             Type                      Level
   a - Summon Small Mammal            Summoning                    1
   b - Call Imp                       Summoning                    2
   c - Call Canine Familiar           Summoning                    3
   d - Summon Guardian Golem          Hexes/Summoning              4
   e - Summon Lightning Spire         Summoning/Air                4
   f - Summon Ice Beast               Ice/Summoning                4
Comestibles
 c - 3 bread rations
 d - 4 meat rations
 i - 3 slices of pizza
 j - 5 fruits
 k - 3 chunks of flesh


   Skills:
 - Level 2.0 Dodging
 - Level 2.6 Stealth
 + Level 5.1 Spellcasting
 + Level 6.7 Summonings


You had 6 spell levels left.
You knew the following spells:

 Your Spells              Type           Power        Failure   Level  Hunger
a - Summon Small Mammal   Summ           ####         1%          1    None
b - Call Imp              Summ           ####....     1%          2    #......
c - Call Canine Familiar  Summ           ####....     1%          3    ##.....
d - Summon Lightning Spi  Summ/Air       ###.....     34%         4    ####...


Dungeon Overview and Level Annotations

Branches:
Dungeon (7/15)
 Temple: D:4-7

Altars:
Ashenzari
Fedhas
Gozag
Makhleb
Nemelex Xobeh
Qazlal
Trog
Yredelemnul
Zin
The Shining One

Shops:
D:6 [


Innate Abilities, Weirdness & Mutations

You cannot wear most types of armour.
You are amphibious.
You can wear up to eight rings at the same time.
You can use your tentacles to constrict many enemies at once.
Your skin changes colour to match your surroundings (Stealth).
Your rubbery body absorbs attacks (AC +1).


Message History

Confirm with . or Enter, or press ? or * to list all spells.
Aiming: Summon Lightning Spire
Press: ? - help, Dir - move target cursor An electric hum fills the air.
You are feeling very hungry.
What do you say? t - Shout!
Orders for allies: a - Attack new target. r - Retreat! s - Stop attacking. w - Wait here. f - Follow me.
Anything else - Stay silent.
Gang up on whom?
Press: ? - help, Dir - move target cursor, f - orc warrior
Aim: an orc warrior, wielding a long sword and wearing a plate armour (heavily wounded) Attack!
The orc priest calls down the wrath of Beogh upon you.
Something smites you!
The orc priest calls down the wrath of Beogh upon you.
Something smites you!
You die...

#o# #.##...## .
#.# #.#.....##.##
#.# #............
#o# #............
#.# #............
#8# #...###.....#
#.# #.#.# #.###.#
#.# #.#.###.###[#
#@####.>...=..)..(
#.....).#...=###.#
######....#.## #.#
#.#.##.####.#
#...........#
###..........
####.###### #.# #
#.# #


You could see an orc warrior, an orc priest and a friendly lightning spire.

Vanquished Creatures
  A hound (D:7)
  An iguana (D:7)
  An adder skeleton (D:7)
  An orc (D:4)
  A bat skeleton (D:4)
  A giant cockroach (D:1)
  4 hobgoblins
  A jackal (D:3)
  2 quokkas
  4 bats
  3 giant newts
  3 goblins
  2 kobolds
  6 rats
  2 ballistomycetes (D:6)
33 creatures vanquished.

Vanquished Creatures (collateral kills)
  An ogre (D:4)
  A big kobold (D:7)
  A giant frog (D:7)
  2 centaurs
  A crimson imp (D:5)
  2 orc priests (D:5)
  2 hounds
  A giant frog zombie (D:6)
  3 iguanas
  A giant frog skeleton (D:7)
  An orc wizard (D:5)
  A worker ant (D:7)
  A hound skeleton (D:4)
  6 adders
  A worm (D:4)
  2 oozes (D:3)
  13 orcs
  2 bats
  A bat zombie (D:7)
  A giant cockroach (D:5)
  5 hobgoblins
  14 jackals
  A giant gecko (D:2)
  A giant newt (D:1)
  A goblin (D:1)
  11 kobolds
  A quokka (D:3)
  A quokka skeleton (D:7)
  A rat (D:4)
  2 ballistomycetes (D:6)
82 creatures vanquished.

Vanquished Creatures (others)
  3 crimson imps
  8 hounds
  A quokka (D:5)
  A bat (D:1)
  A giant spore (D:6)
  3 rats (D:1)
17 creatures vanquished.

Grand Total: 132 creatures vanquished

Notes
Turn   | Place    | Note
--------------------------------------------------------------
     0 | D:1      | timbw, the Octopode Summoner, began the quest for the Orb.
     0 | D:1      | Reached XP level 1. HP: 11/11 MP: 3/3
   109 | D:1      | Reached XP level 2. HP: 10/17 MP: 2/4
   113 | D:1      | Learned a level 2 spell: Call Imp
   367 | D:2      | Found a basalt altar of Yredelemnul.
   368 | D:2      | Found a shattered altar of Ashenzari.
   390 | D:2      | Found a sparkling altar of Nemelex Xobeh.
   399 | D:2      | Found an opulent altar of Gozag.
   402 | D:2      | Found a burning altar of Makhleb.
   402 | D:2      | Found a bloodstained altar of Trog.
   537 | D:2      | Found a glowing golden altar of the Shining One.
   560 | D:2      | Reached XP level 3. HP: 12/21 MP: 0/6
   748 | D:2      | Found a glowing silver altar of Zin.
   770 | D:2      | Learned a level 3 spell: Call Canine Familiar
  1013 | D:3      | Found a blossoming altar of Fedhas.
  1139 | D:4      | Noticed a phantom
  1258 | D:4      | Noticed an ogre
  1269 | D:4      | Killed an ogre
  1269 | D:4      | Reached skill level 5 in Summonings
  1269 | D:4      | Reached XP level 4. HP: 20/27 MP: 3/9
  1379 | D:4      | Reached XP level 5. HP: 26/31 MP: 0/11
  1399 | D:4      | Found a stormy altar of Qazlal.
  1536 | D:4      | You fall through a shaft for 2 floors!
  1557 | D:5      | Entered Level 5 of the Dungeon
  1952 | D:5      | Learned a level 4 spell: Summon Lightning Spire
  2045 | D:5      | Reached XP level 6. HP: 33/36 MP: 11/15
  2349 | D:6      | Noticed a centaur
  2365 | D:6      | Killed a centaur
  2365 | D:6      | Reached skill level 6 in Summonings
  2503 | D:6      | Found Lal Tefe's Antique Armour Emporium.
  2569 | D:7      | Noticed a yak
  2569 | D:7      | Noticed a yak
  2571 | D:7      | Noticed a yak
  2571 | D:7      | Noticed a yak
  2815 | D:7      | Reached XP level 7. HP: 28/41 MP: 14/18
  2887 | D:7      | Reached skill level 5 in Spellcasting
  3124 | D:7      | Killed from afar by an orc priest

Action                   |  1- 3 |  4- 6 |  7- 9 || total
-------------------------+-------+-------+-------++-------
Melee: Unarmed           |    34 |       |       ||    34
       Whip              |     6 |    45 |     6 ||    57
 Cast: Summon Small Mamm |    14 |     2 |       ||    16
       Call Imp          |    11 |    19 |     5 ||    35
       Call Canine Famil |     6 |    18 |     3 ||    27
       Summon Lightning  |       |     1 |     3 ||     4
  Use: Scroll            |     6 |     1 |     1 ||     8
       Potion            |       |     2 |       ||     2
 Stab: Distracted        |     1 |     2 |       ||     3
  Eat: Chunk             |     2 |     6 |     1 ||     9
       Beef jerky        |       |     1 |       ||     1
